 Dungeon Crawl Stone Soup version 0.20.0-15-g7f486f2 (webtiles) character file.

42718 RaHiT the Transmogrifier (level 14, -5/109 (110) HPs)
             Began as a Merfolk Transmuter on June 23, 2017.
             Was a Follower of Uskayaw.
             Slain by a seven-headed hydra (13 damage)
             ... on level 3 of the Lair of Beasts.
             The game lasted 02:40:01 (19532 turns).

RaHiT the Transmogrifier (Merfolk Transmuter)      Turns: 19532, Time: 02:40:02

HP:   -5/109 (110)  AC: 11    Str: 16    XL:     14   Next: 21%
MP:   27/30         EV: 25    Int: 16    God:    Uskayaw [*.....]
Gold: 922           SH:  0    Dex: 14    Spells: 8/33 levels left

rFire    . . .     SeeInvis .   c - +8 whip "Snakebite" {curare, rPois}
rCold    + + .     Gourm    .   (no shield)
rNeg     . . .     Faith    +   b - +0 robe
rPois    +         Spirit   .   (helmet restricted)
rElec    .         Reflect  .   k - +2 cloak {rC+}
rCorr    .         Harm     .   H - +1 pair of gloves
MR       +....                  r - +1 pair of boots {run}
Stlth    +.........             N - amulet of faith
Regen    0.3/turn               h - +6 ring of evasion
MPRegen  0.3/turn               F - +4 ring of strength

@: about to teleport, quick
A: change form in water, swift swim, stealthy swim, antennae 1, slimy green
scales 1, cold resistance 1, high mp 1, sense surroundings 1, wild magic 1,
evolution 1, sturdy frame 1
a: Stomp, Renounce Religion


You were on level 3 of the Lair of Beasts.
You worshipped Uskayaw.
Uskayaw was aware of your devotion.
You were not hungry.

You visited 3 branches of the dungeon, and saw 18 of its levels.
You visited 1 bazaar.
You also visited: Bailey and Ice Cave.

You collected 1331 gold pieces.
You spent 409 gold pieces at shops.

Inventory:

Hand Weapons
 c - the +8 whip "Snakebite" (weapon) {curare, rPois}
   (You found it on level 1 of the Lair of Beasts)

   It poisons the flesh of those it strikes.
   It protects you from poison.
 n - a +2 demon blade of venom
Missiles
 a - 364 arrows
 i - a throwing net (quivered)
Armour
 b - a +0 robe (worn)
 k - a +2 cloak of cold resistance (worn)
 m - a +1 crystal plate armour of cold resistance
 r - a +1 pair of boots of running (worn)
 H - a +1 pair of gloves (worn)
 Z - a +0 buckler
Jewellery
 h - a +6 ring of evasion (left hand)
 v - an uncursed ring of see invisible
 F - a +4 ring of strength (right hand)
 N - an amulet of faith (around neck)
Wands
 e - a wand of clouds (8/9)
 B - a wand of iceblast (5/15)
 I - a wand of lightning (8/15)
 Y - a wand of lightning (10/15)
Scrolls
 f - 4 scrolls of remove curse
 j - 9 scrolls of teleportation
 l - a scroll of silence
 o - 2 scrolls of fear
 t - 2 scrolls of noise
 y - a scroll of acquirement
 G - 2 scrolls of fog
 R - 2 scrolls of recharging
 U - 4 scrolls of immolation
Potions
 q - 6 potions of flight
 s - 2 potions of cancellation
 u - 2 potions of curing
 w - 2 potions of magic
 x - a potion of invisibility
 z - 3 potions of haste
 C - 4 potions of brilliance
 E - a potion of berserk rage
 J - 2 potions of mutation {unknown}
 L - 2 potions of agility {unknown}
 P - a potion of might {unknown}
 T - 3 potions of heal wounds
 W - 3 potions of resistance
Books
 g - a book of Air

   Spells                             Type                      Level
   a - Shock                          Conjuration/Air              1
   b - Swiftness                      Charms/Air                   2
   c - Static Discharge               Conjuration/Air              3
   d - Airstrike                      Air                          4
   e - Lightning Bolt                 Conjuration/Air              5
Comestibles
 d - 3 meat rations
 p - 12 royal jellies
 A - a bread ration
 D - 4 chunks of flesh
 O - 32 fruits


   Skills:
 - Level 10.0 Fighting
 - Level 11.0 Dodging
 - Level 12.2 Unarmed Combat
 - Level 10.0 Spellcasting
 - Level 13.0 Transmutations
 * Level 11.9 Invocations


You had 8 spell levels left.
You knew the following spells:

 Your Spells              Type           Power        Failure   Level  Hunger
a - Beastly Appendage     Tmut           ######       1%          1    None
b - Sticks to Snakes      Tmut           ######..     1%          2    None
c - Spider Form           Tmut/Pois      #####.....   3%          3    None
d - Ice Form              Ice/Tmut       #####...     10%         4    ###....
e - Blade Hands           Tmut           ######....   2%          5    #####..
f - Petrify               Tmut/Erth      #####...     10%         4    ###....
g - Hydra Form            Tmut           ######....   10%         6    ######.


Dungeon Overview and Level Annotations

Branches:
Dungeon (13/15)            Temple (1/1) D:6            Lair (4/6) D:11
 Shoals (0/4) Lair:2        Snake (0/4) Lair:3          Orc (0/2) D:12
 Vaults: D:13-14

Altars:
Ashenzari
Cheibriados
Dithmenos
Elyvilon
Fedhas
Gozag
Hepliaklqana
Kikubaaqudgha
Makhleb
Nemelex Xobeh
Okawaru
Qazlal
Ru
Sif Muna
Trog
Uskayaw
Vehumet
Xom
Yredelemnul
Zin
The Shining One
Jiyva

Shops:
D:5 [   D:6 ((*

Annotations:
Lair:4 exclusion: oklob plant


Innate Abilities, Weirdness & Mutations

You revert to your normal form in water.
You are very nimble and swift while swimming.
You are very stealthy in the water. (Stealth+)
You have a pair of small antennae on your head.
You are partially covered in slimy green scales. (AC +2)
Your flesh is cold resistant. (rC+)
You have an increased reservoir of magic. (+10% MP)
You passively map a small area around you.
Your spells are a little harder to cast, but a little more powerful.
You evolve.
Your movements are slightly less encumbered by armour. (ER -2)


Message History

You hit the seven-headed hydra. You punch the seven-headed hydra!
The seven-headed hydra is moderately wounded.
Your adder bites the seven-headed hydra.
The seven-headed hydra bites you! x3
The seven-headed hydra bites you but does no damage.
The seven-headed hydra misses you. x2; The seven-headed hydra bites you!
* * * LOW HITPOINT WARNING * * *
Your adder bites the seven-headed hydra.
Your adder barely misses the seven-headed hydra.
Your water moccasin completely misses the seven-headed hydra.
Your water moccasin bites the seven-headed hydra.
As you read the scroll of teleportation, it crumbles to dust.
You feel strangely unstable. The seven-headed hydra bites you!
* * * LOW HITPOINT WARNING * * *
The seven-headed hydra closely misses you.
The seven-headed hydra bites you!
* * * LOW HITPOINT WARNING * * *
The seven-headed hydra closely misses you.
The seven-headed hydra bites you!
You die...

...................#.####.....###
..P.######.#.....#......#.....###
...#########P....##.....#.....##P
...#.......##.....#....##......##
..##.......##....##....#P......##
..#.........#...S.#....#.......#.
..##...........SS#######........+
...#.......P....D#.#.#.##.......#
....##.P..###...@.............###
..##..#..###P....................
.................................
P.P.#.#####..###.##.###....#####.
####### #### ###### ###### ##


You could see a seven-headed hydra, a friendly water moccasin and 2 friendly
adders.

Vanquished Creatures
  Josephine (D:13)
  4 hydras
  A catoblepas (Lair:3)
  2 centaur warriors (D:13)
  2 two-headed ogres
  The ghost of tailblues the Magician, a novice DgWz (D:9)
  An unseen horror (D:12)
  Pikel (D:7)
  2 deep elf magi
  2 orc knights (Bailey)
  3 ugly things (D:11)
  4 slime creatures (D:12)
  A cyclops (D:11)
  4 elephants (Lair:3)
  A merfolk siren (Lair:2)
  Maurice (D:8)
  3 black mambas
  Psyche (D:8)
  2 gargoyles
  A torpor snail (Lair:3)
  2 centaur skeletons (D:12)
  2 ice statues (IceCv)
  2 kobold demonologists (D:13)
  2 trolls
  5 ice devils (IceCv)
  6 hippogriffs
  15 blink frogs
  A spriggan (D:7)
  4 wraiths (D:13)
  A yak (D:10)
  A steam dragon (D:9)
  2 basilisks
  A human (D:12)
  4 vampire mosquitoes (D:12)
  A warg (D:11)
  Menkaure (D:4)
  22 water moccasins
  9 porcupines
  10 orc warriors
  5 necrophages
  4 ice beasts
  3 sky beasts
  An eye of draining (D:11)
  2 black bears
  3 ogres
  9 wolves
  4 phantoms
  7 centaurs
  8 crocodiles
  6 big kobolds
  The ghost of Glitchraptor the Grave Robber, an amateur DENe (D:3)
  6 bullfrogs
  9 killer bees
  2 scorpions
  11 wights
  4 howler monkeys
  2 electric eels (Lair:3)
  3 crimson imps
  3 centaur zombies
  A jelly (D:8)
  A quasit (D:13)
  Crazy Yiuf (D:7)
  6 orc priests
  2 hounds
  A human skeleton (D:13)
  3 bullfrog skeletons
  6 human zombies (D:13)
  4 iguanas
  20 orc wizards
  16 worker ants
  A hound zombie (D:7)
  A mummy (D:13)
  2 howler monkey skeletons
  2 worker ant zombies
  10 adders
  11 gnolls
  2 shadow imps
  7 white imps (IceCv)
  7 ufetubi (IceCv)
  An adder skeleton (D:6)
  2 adder zombies (D:9)
  2 worms
  3 dart slugs
  4 leopard geckos
  45 orcs
  7 bats
  2 bat zombies (D:3)
  A giant cockroach (D:1)
  11 goblins
  15 hobgoblins
  6 jackals
  8 quokkas
  5 frilled lizards
  2 jackal skeletons (D:8)
  31 kobolds
  A quokka skeleton (D:4)
  6 rats
  A rat zombie (D:3)
  2 fungi (Lair:1)
  A plant (Lair:2)
482 creatures vanquished.

Vanquished Creatures (collateral kills)
  A reaper (IceCv)
  Erolcha (D:9)
  A centaur warrior (D:13)
  2 two-headed ogres
  2 cyclopes
  3 ugly things
  A manticore (D:13)
  Joseph (D:8)
  A troll (D:6)
  A hornet (shapeshifter) (D:13)
  2 hippogriffs
  5 yaks
  A wyvern (Lair:1)
  2 hungry ghosts (D:10)
  Edmund (D:6)
  A warg (D:11)
  A porcupine (Lair:3)
  4 orc warriors (Bailey)
  An ogre (D:4)
  A crocodile (Lair:2)
  5 centaurs
  A bullfrog (D:10)
  2 gnoll sergeants
  A scorpion (D:4)
  An orc priest (D:12)
  A hound (D:9)
  2 gnolls (D:8)
  A shadow imp (D:6)
  3 orcs
  A plant (Lair:2)
51 creatures vanquished.

Vanquished Creatures (others)
  Urug (D:11)
  A slave (D:7)
  A sky beast (D:9)
  An iguana (D:7)
  7 white imps (IceCv)
  2 ufetubi (IceCv)
  A fungus (Lair:2)
  A plant (Lair:4)
15 creatures vanquished.

Grand Total: 548 creatures vanquished

Notes
Turn   | Place    | Note
-------+----------+-------------------------------------------
     0 | D:1      | RaHiT the Merfolk Transmuter began the quest for the Orb.
     0 | D:1      | Reached XP level 1. HP: 15/15 MP: 3/3
    97 | D:1      | Reached skill level 3 in Transmutations
   244 | D:1      | Reached XP level 2. HP: 21/21 MP: 3/5
   769 | D:1      | Learned a level 2 spell: Sticks to Snakes
   774 | D:1      | Reached skill level 4 in Transmutations
   877 | D:2      | Reached XP level 3. HP: 22/26 MP: 4/6
   917 | D:2      | Learned a level 3 spell: Spider Form
  1294 | D:2      | Reached XP level 4. HP: 31/33 MP: 7/7
  1757 | D:3      | Reached skill level 5 in Transmutations
  1912 | D:3      | Noticed an ogre
  1931 | D:3      | Killed an ogre
  1931 | D:3      | Reached XP level 5. HP: 38/38 MP: 0/10
  1937 | D:3      | Learned a level 4 spell: Ice Form
  2214 | D:3      | Found a glowing silver altar of Zin.
  2214 | D:3      | Found a glowing golden altar of the Shining One.
  2214 | D:3      | Found a white marble altar of Elyvilon.
  2265 | D:3      | Found an ancient bone altar of Kikubaaqudgha.
  2479 | D:3      | Noticed Glitchraptor's ghost (amateur DENe)
  2489 | D:3      | Killed Glitchraptor's ghost
  2489 | D:3      | Reached XP level 6. HP: 44/44 MP: 4/12
  2698 | D:4      | Found a stormy altar of Qazlal.
  2721 | D:4      | Found a shattered altar of Ashenzari.
  2724 | D:4      | Found a deep blue altar of Sif Muna.
  2811 | D:4      | Reached skill level 6 in Transmutations
  2819 | D:4      | Reached XP level 7. HP: 30/50 MP: 11/13
  2865 | D:4      | Noticed Menkaure
  2877 | D:4      | Killed Menkaure
  2877 | D:4      | Reached skill level 7 in Transmutations
  3219 | D:4      | Reached skill level 8 in Transmutations
  3396 | D:4      | Reached skill level 9 in Transmutations
  3638 | D:5      | Entered Level 5 of the Dungeon
  3646 | D:5      | Found Olaurufa's Armour Boutique.
  3656 | D:5      | Found a shadowy altar of Dithmenos.
  3787 | D:5      | Reached XP level 8. HP: 50/56 MP: 11/14
  4059 | D:5      | Reached skill level 5 in Spellcasting
  4096 | D:5      | Gained mutation: Your spells are a little harder to cast, but a little more powerful. [mutagenic meat]
  4104 | D:5      | Gained mutation: You have an increased reservoir of magic. (+10% MP) [mutagenic meat]
  4105 | D:5      | Gained mutation: You evolve. [mutagenic meat]
  4106 | D:5      | Gained mutation: You are agile. (Dex +2) [mutagenic meat]
  4345 | D:6      | Reached skill level 10 in Transmutations
  4606 | D:6      | Found Juaps's Antique Weapon Emporium.
  4611 | D:6      | Found Jasir's Weapon Shop.
  4640 | D:6      | Reached skill level 11 in Transmutations
  4666 | D:6      | Noticed a troll
  4681 | D:6      | Killed a troll
  4721 | D:6      | Found a hide-covered altar of Uskayaw.
  4726 | D:6      | Became a worshipper of Uskayaw the Reveler
  4879 | D:6      | Found Gusurph's General Store.
  5015 | D:6      | Reached * piety under Uskayaw
  5016 | D:6      | Reached ** piety under Uskayaw
  5029 | D:6      | Reached *** piety under Uskayaw
  5036 | D:6      | Reached XP level 9. HP: 51/61 MP: 20/20
  5082 | D:6      | Found a staircase to the Ecumenical Temple.
  5206 | D:6      | Noticed Edmund
  5221 | D:6      | Killed Edmund
  5377 | D:6      | Found a burning altar of Makhleb.
  5378 | D:6      | Found a shimmering altar of Xom.
  5489 | Temple   | Entered the Ecumenical Temple
  5685 | D:7      | Reached **** piety under Uskayaw
  5737 | D:7      | Noticed Pikel
  5781 | D:7      | Killed Pikel
  6135 | D:7      | Learned a level 5 spell: Blade Hands
  6397 | D:7      | Got a distressingly furry scale mail
  6406 | D:7      | Found a runed door.
  6410 | D:7      | Noticed Crazy Yiuf
  6424 | D:7      | Killed Crazy Yiuf
  6496 | D:7      | Identified the +8 scale mail of the Pleiades {rPois rN+ Dex+6 Slay-4} (You found it on level 7 of the Dungeon)
  6645 | D:8      | Noticed Psyche
  6679 | D:8      | Killed Psyche
  6679 | D:8      | Reached skill level 12 in Transmutations
  6679 | D:8      | Reached XP level 10. HP: 38/67 MP: 25/25
  6687 | D:8      | Reached ***** piety under Uskayaw
  7065 | D:8      | Reached skill level 13 in Transmutations
  7340 | D:8      | Noticed Joseph
  7360 | D:8      | Killed Joseph
  7391 | D:8      | Noticed Maurice
  7393 | D:8      | Paralysed by Maurice for 5 turns
  7411 | D:8      | Killed Maurice
  7411 | D:8      | Reached skill level 5 in Fighting
  7837 | D:9      | Found an opulent altar of Gozag.
  7899 | D:9      | Found a shimmering altar of Xom.
  7926 | D:9      | Noticed a two-headed ogre
  7968 | D:9      | Killed a two-headed ogre
  7968 | D:9      | Reached skill level 5 in Dodging
  8003 | D:9      | Noticed Erolcha
  8004 | D:9      | Noticed tailblues's ghost (novice DgWz)
  8005 | D:9      | Gained mutation: You passively map a small area around you. [evolution]
  8705 | D:9      | Killed Erolcha
  8841 | D:9      | Killed tailblues's ghost
  8841 | D:9      | Reached XP level 11. HP: 79/79 MP: 20/26
  9096 | D:5      | Bought a +0 pair of boots of running for 409 gold pieces
  9218 | D:10     | Entered Level 10 of the Dungeon
  9274 | D:10     | Found a flagged portal.
  9292 | Bailey   | Entered a bailey
  9299 | Bailey   | Noticed an orc knight
  9397 | Bailey   | Noticed an orc knight
  9525 | Bailey   | Killed an orc knight
  9525 | Bailey   | Reached skill level 10 in Dodging
  9798 | Bailey   | Killed an orc knight
  9865 | Bailey   | Gained mutation: You have supernaturally acute eyesight. (SInv) [evolution]
 10026 | D:10     | Reached skill level 5 in Unarmed Combat
 10715 | D:11     | Killed Urug
 10786 | D:11     | Found a flickering gateway to a bazaar.
 10795 | Bazaar   | Entered a bazaar
 10795 | Bazaar   | Found Uder's Assorted Antiques.
 10798 | Bazaar   | Found Foman's Antique Armour Boutique.
 10808 | Bazaar   | Found Qowupt's General Store.
 10818 | Bazaar   | Found Olephes's Weapon Shop.
 10827 | Bazaar   | Found Fets's Gadget Shoppe.
 11316 | D:11     | You fall through a shaft for 2 floors!
 11370 | D:13     | Noticed a cyclops
 11372 | D:13     | Noticed a deep elf mage
 11383 | D:13     | Killed a deep elf mage
 11384 | D:13     | Killed a cyclops
 11430 | D:13     | Noticed a manticore
 11442 | D:13     | Killed a manticore
 11509 | D:13     | Noticed a centaur warrior
 11523 | D:13     | Killed a centaur warrior
 11791 | D:13     | Learned a level 4 spell: Petrify
 11922 | D:13     | Reached ****** piety under Uskayaw
 12002 | D:13     | Noticed Josephine
 12025 | D:13     | Killed Josephine
 12025 | D:13     | Reached skill level 10 in Unarmed Combat
 12025 | D:13     | Reached XP level 12. HP: 85/85 MP: 22/27
 12185 | D:13     | Gained mutation: You are partially covered in slimy green scales. (AC +2) [mutagenic meat]
 12431 | D:13     | Noticed a centaur warrior
 12446 | D:13     | Killed a centaur warrior
 12488 | D:13     | Noticed a two-headed ogre
 12499 | D:13     | Killed a two-headed ogre
 12695 | D:13     | Found a basalt altar of Yredelemnul.
 12849 | D:13     | Noticed a centaur warrior
 12899 | D:13     | Killed a centaur warrior
 13037 | D:12     | Found a staircase to the Orcish Mines.
 13370 | D:12     | Noticed a two-headed ogre
 13388 | D:12     | Killed a two-headed ogre
 13677 | D:12     | Lost mutation: You have supernaturally acute eyesight. (SInv) [mutagenic meat]
 14008 | D:12     | Learned a level 6 spell: Hydra Form
 14347 | D:12     | Noticed a two-headed ogre
 14353 | D:12     | Killed a two-headed ogre
 14416 | D:11     | Reached skill level 10 in Fighting
 14416 | D:11     | Reached XP level 13. HP: 100/102 MP: 28/28
 15026 | D:11     | Gained mutation: You have a pair of small antennae on your head. [mutagenic meat]
 15027 | D:11     | Lost mutation: You are agile. (Dex +2) [mutagenic meat]
 15028 | D:11     | Gained mutation: Your movements are slightly less encumbered by armour. (ER -2) [mutagenic meat]
 15158 | D:11     | Reached skill level 10 in Spellcasting
 15282 | D:11     | Reached skill level 1 in Invocations
 15379 | D:11     | Gained mutation: Your flesh is cold resistant. (rC+) [mutagenic meat]
 15573 | D:11     | Found a staircase to the Lair.
 15838 | Lair:1   | Entered Level 1 of the Lair of Beasts
 16167 | Lair:1   | Reached skill level 5 in Invocations
 17257 | Lair:2   | Found a staircase to the Shoals.
 17295 | Lair:2   | Got a translucent steel ring
 17297 | Lair:2   | Identified the cursed ring of Gozag's Envy {rPois Dex+5 Slay-3} (You found it on level 2 of the Lair of Beasts)
 17802 | Lair:3   | Found a frozen archway.
 17851 | IceCv    | Entered an ice cave
 18007 | IceCv    | Reached skill level 10 in Invocations
 18146 | IceCv    | Reached XP level 14. HP: 109/109 MP: 30/30
 18206 | IceCv    | Noticed a reaper
 18262 | IceCv    | Killed a reaper
 19008 | Lair:3   | Found a staircase to the Snake Pit.
 19068 | Lair:3   | Identified a scroll of acquirement
 19532 | Lair:3   | Slain by a seven-headed hydra

Skill      XL: |  1  2  3  4  5  6  7  8  9 10 11 12 13 14 |
---------------+-------------------------------------------+-----
Transmutations | 3 4 5 6 9 11 12 13 | 13.0
Dodging        | 3 9 11 | 11.0
Fighting       | 2 5 10 | 10.0
Spellcasting   | 3 4 6 9 10 | 10.0
Unarmed Combat | 4 10 12 | 12.2
Invocations    | 10 11 | 11.9

Action                   |  1- 3 |  4- 6 |  7- 9 | 10-12 | 13-15 || total
-------------------------+-------+-------+-------+-------+-------++-------
Melee: Unarmed           |    96 |   133 |   327 |   510 |   279 ||  1345
       Headbutt          |    12 |     1 |       |       |       ||    13
       Short sword       |       |    25 |    23 |       |       ||    48
       Punch             |       |     1 |     3 |    15 |    13 ||    32
       Morningstar       |       |       |    23 |   242 |    60 ||   325
       Whip              |       |       |       |       |   116 ||   116
       Tailslap          |       |       |       |       |     2 ||     2
Throw: Stone             |     1 |     1 |       |       |       ||     2
 Cast: Beastly Appendage |    17 |     3 |       |       |       ||    20
       Spider Form       |     4 |    11 |    34 |    26 |       ||    75
       Sticks to Snakes  |       |     3 |     9 |    68 |    46 ||   126
       Ice Form          |       |       |     3 |    14 |     7 ||    24
       Blade Hands       |       |       |     1 |     2 |       ||     3
       Petrify           |       |       |       |    12 |    15 ||    27
       Hydra Form        |       |       |       |     2 |    25 ||    27
Invok: Stomp             |       |       |       |     2 |       ||     2
 Abil: End Transformatio |     1 |       |     3 |     1 |     2 ||     7
Evoke: Wand              |       |       |       |    10 |     5 ||    15
  Use: Scroll            |       |     5 |     7 |    15 |     6 ||    33
       Potion            |       |     1 |     1 |     1 |       ||     3
 Stab: Sleeping          |       |     2 |       |     2 |       ||     4
       Distracted        |       |     1 |     1 |     2 |     1 ||     5
       Paralysed         |       |       |     6 |    39 |    37 ||    82
       Invisible         |       |       |     1 |     7 |       ||     8
       Petrified         |       |       |       |    35 |    30 ||    65
       Confused          |       |       |       |     1 |       ||     1
       Petrifying        |       |       |       |       |     2 ||     2
  Eat: Chunk             |     2 |     7 |    22 |    27 |     6 ||    64
       Fruit             |       |       |       |     7 |       ||     7
Armor: Robe              |    12 |     2 |     9 |    48 |    50 ||   121
       Skin              |       |     5 |    12 |    19 |    47 ||    83
Dodge: Dodged            |    99 |   161 |   335 |   768 |   419 ||  1782
